 Dungeon Crawl Stone Soup version 0.30-a0-1116-gebefce21f7 (webtiles) character file.

Game seed: 5186809864333230798

16 Aneyh the Slasher (level 2, -5/19 HPs)
             Began as a Tengu Monk on Apr 21, 2023.
             Slain by a goblin
             ... wielding a +0 club
             ... led by Robin
              (6 damage)
             ... on level 2 of the Dungeon.
             The game lasted 00:01:11 (961 turns).

Aneyh the Slasher (Tengu Monk)                       Turns: 961, Time: 00:01:14

Health: -5/19      AC:  2    Str: 11    XL:     2   Next: 58%
Magic:  3/3        EV: 13    Int: 10    God:
Gold:   92         SH:  0    Dex: 16    Spells: 1/1 levels left

rFire   . . .      SeeInvis .    a - +0 falchion
rCold   . . .      Faith    .    d - orb {light}
rNeg    . . .      Spirit   .    b - +0 robe
rPois   .          Reflect  .    (helmet restricted)
rElec   .          Rampage  .    (no cloak)
rCorr   .                        (no gloves)
Will    .....                    (boots unavailable)
Stlth   +                        (no amulet)
HPRegen 0.23/turn                (no ring)
MPRegen 0.08/turn                (no ring)

@: glowing
A: beak, talons 3
a: no special abilities


You were on level 2 of the Dungeon.
You visited 1 branch of the dungeon, and saw 2 of its levels.

You collected 92 gold pieces.

Inventory:

Hand Weapons
 a - a +0 falchion (weapon)
Armour
 b - a +0 robe (worn)
 d - an orb of light (worn)
 o - the +1 leather armour of Gawom {rPois rCorr Dex-4 SInv}
   (You found it on level 2 of the Dungeon)

   Dex:       It affects your dexterity (-4).
   rPois:     It protects you from poison.
   SInv:      It lets you see invisible.
   rCorr:     It protects you from acid and corrosion.
Jewellery
 m - a +6 ring of dexterity
Scrolls
 e - a scroll of silence {unknown}
 f - a scroll of blinking {unknown}
 h - 6 scrolls of identify {unknown}
 i - a scroll of teleportation {unknown}
Potions
 c - a potion of ambrosia
 g - a potion of berserk rage {unknown}
 j - a potion of lignification {unknown}
 k - a potion of mutation {unknown}
 l - a potion of heal wounds {unknown}
 n - a potion of cancellation {unknown}


   Skills:
 * Level 3.5 Fighting
 + Level 3.6 Long Blades
 - Level 3.2 Dodging


You had one spell level left.
You didn't know any spells.
Your spell library contained the following spells:

 Spells                   Type           Power      Damage    Failure   Level
 Lesser Beckoning         Tloc           0%         N/A       50%         2
 Gell's Gravitas          Tloc           0%         N/A       75%         3
 Teleport Other           Tloc           0%         N/A       75%         3


Dungeon Overview and Level Annotations

Branches:
Dungeon (2/15)

Altars:

Annotations:
D:2 Natasha, Robin


Innate Abilities, Weirdness & Mutations

You have a beak for a mouth.
You have claws for feet.


Message History

You climb downwards.
Level annotation: Natasha, Robin
Found a leather armour and a fading leather armour.
Found a stone staircase leading down.
There is a stone staircase leading up here.
Found 11 gold pieces.
A bat comes into view.
Robin shouts!
The goblin shouts! x2
Robin roars a battlecry!
The goblins go into a battle-frenzy!
The bat barely misses you. Robin throws the goblin at you!
The goblin shouts!
The bat barely misses you. Robin throws the goblin at you!
The goblin misses you. The goblin hits you but does no damage.
You see here the +1 leather armour of Gawom {rPois rCorr Dex-4 SInv}.
o - the +1 leather armour of Gawom {rPois rCorr Dex-4 SInv} The bat barely misses you.
Robin throws the goblin at you!
The goblin hits you but does no damage. x2
A giant cockroach comes into view.
You barely miss the goblin. You claw the goblin.
You peck the goblin, but do no damage.
The goblin is severely wounded.
The goblin completely misses you. The goblin closely misses you.
The goblin hits you with a +0 club. The bat barely misses you.
You hit the goblin.
You kill the goblin!
The bat closely misses you. The bat misses you.
The bat hits you but does no damage. The goblin closely misses you.
The goblin hits you with a +0 club. The bat barely misses you.
The goblin hits you with a +0 club. Robin throws the goblin at you!
The goblin hits you with a +0 club.
* * * LOW HITPOINT WARNING * * *
The goblin hits you but does no damage. The goblin misses you.
The hobgoblin shouts!
You hit the bat.
You kill the bat!
You hear an angry hiss.
The goblin unwields a +0 sling.
The goblin wields a +0 club.
The goblin hits you with a +0 club.
You die...

..... #... ..#.# ...
#g#.## ..# #....## ..#
##.....# #$# #.<....#
#.# #.g.......
..#####g####g#.....####
.......@gggg..ggg.##
......ggggg.B...#.#
#######.####....#.. #.#
.#?..#### #.# .###..#
#.# ###.####..#
#...<.....#
#...........


You could see Robin, a giant cockroach, 2 hobgoblins and 9 goblins.

Vanquished Creatures
  A worm (D:1)
  A ball python (D:1)
  2 bats
  2 endoplasms (D:1)
  2 goblins
  A frilled lizard (D:1)
  A kobold (D:1)
  4 rats
14 creatures vanquished.

Notes
Turn   | Place    | Note
-------+----------+-------------------------------------------
     0 | D:1      | Aneyh the Tengu Monk began the quest for the Orb.
     0 | D:1      | Reached XP level 1. HP: 14/14 MP: 2/2
   187 | D:1      | Reached XP level 2. HP: 19/19 MP: 3/3
   222 | D:1      | Found a faded altar of an unknown god.
   810 | D:2      | Noticed Natasha
   911 | D:2      | Noticed Robin
   957 | D:2      | Identified the +1 leather armour of Gawom {rPois rCorr
                  | Dex-4 SInv}
   961 | D:2      | Slain by a goblin

Illustrated notes

Levels and vault maps discovered:
D:1:      dpeg_arrival_brainrot, layout_basic, hellmonk_ecumenical_altar_blasted
D:2:      layout_loops_ring, minmay_pentomino_w4, uniq_robin, uniq_natasha

Action                     || total
---------------------------++-------
  Melee: Falchion          ||    23
         Peck              ||     8
         Kick              ||     5
 Armour: Robe              ||    11
  Dodge: Dodged            ||    28

Table legend: (Time is in decaauts)
 A = Elapsed time spent in this place.
 B = Non-inter-level travel time spent in this place.
 C = Inter-level travel time spent in this place.
 D = Time resting spent in this place.
 E = Time spent auto-exploring this place.
 F = Levels seen in this place.
 G = Mean time per level.
                   A        B        C        D        E       F      G
               +--------+--------+--------+--------+--------+-----+--------+
         Total |    964 |    865 |     99 |     36 |    708 |   2 |  482.0 |
       Dungeon |    964 |    865 |     99 |     36 |    708 |   2 |  482.0 |
               +--------+--------+--------+--------+--------+-----+--------+

Top non-repeatable levels by time:
     D:1: 831 daAuts
     D:2: 132 daAuts
